 Dungeon Crawl Stone Soup version 0.25.1-2-g60ff931df9 (webtiles) character file.

Game seed: 645498559346252684

98938 lepoulpe303 the Covert (level 15, -4/70 HPs)
             Began as a Spriggan Earth Elementalist on Oct 22, 2020.
             Was the Champion of Dithmenos.
             Slain by a wraith (6 damage)
             ... led by a death knight
             ... on level 14 of the Dungeon on Oct 24, 2020.
             The game lasted 04:04:09 (42499 turns).

lepoulpe303 the Covert (SpEE)                      Turns: 42499, Time: 04:04:09

Health: -4/70      AC:  7    Str: 14    XL:     15   Next: 76%
Magic:  28/33      EV: 33    Int: 23    God:    Dithmenos [******]
Gold:   668        SH: 10    Dex: 17    Spells: 10/41 levels left

rFire    x . .     SeeInvis +   b - +8 short sword of Foolhardiness {vorpal, *Corrode Str+10}
rCold    + . .     Gourm    .   r - +3 warlock's mirror {reflect}
rNeg     . . .     Faith    .   L - +5 robe of Night {Dark MR+ SInv}
rPois    .         Spirit   .   (helmet restricted)
rElec    .         Reflect  +   c - scarf {+Inv}
rCorr    .         Harm     .   (gloves unavailable)
MR       +++..                  (boots unavailable)
Stlth    +++++++++.             R - amulet of regeneration
HPRegen  0.61/turn              m - +4 ring of evasion
MPRegen  0.23/turn              Y - ring of ice {rC+, rF-}

@: slowed, wreathed by umbra, quick
A: very small, unfitting armour, see invisible, herbivore, speed 3, slow
metabolism 2
a: Shadow Step, Shadow Form, Renounce Religion, Evoke Invisibility


You were on level 14 of the Dungeon.
You worshipped Dithmenos.
Dithmenos was exalted by your worship.
You were not hungry.

You visited 3 branches of the dungeon, and saw 23 of its levels.
You also visited: Sewer and Ice Cave.

You collected 2644 gold pieces.
You spent 1976 gold pieces at shops.

Inventory:

Hand Weapons
 a - a +4 dagger of venom
 b - the +8 short sword of Foolhardiness (weapon) {vorpal, *Corrode Str+10}
   (You found it on level 13 of the Dungeon)

   It inflicts extra damage upon your enemies.
   It affects your strength (+10).
   It may corrode you when you take damage.
Missiles
 Q - 332 stones (quivered)
 X - 2 throwing nets {=f}
Armour
 c - a scarf of invisibility (worn)
 o - a +1 robe of fire resistance {rF+}
 r - the +3 warlock's mirror (worn) {reflect}
   (You bought it in a shop on level 2 of the Orcish Mines)
 y - +0 steam dragon scales
 L - the +5 robe of Night (worn) {Dark MR+ SInv}
   (You bought it in a shop on level 2 of the Orcish Mines)

   It affects your resistance to hostile enchantments.
   It lets you see invisible.
 P - a +2 cloak
 T - a +1 robe of positive energy {rN+}
 U - a +1 robe of the Archmagi
Jewellery
 m - a +4 ring of evasion (left hand)
 x - an uncursed ring of flight
 C - an uncursed ring of fire {rF+, rC-}
 I - an uncursed ring of protection from cold
 N - an uncursed ring of positive energy {rN+}
 R - an amulet of regeneration (around neck)
 Y - a ring of ice (right hand) {rC+, rF-}
Wands
 D - a wand of digging (8)
 E - a wand of flame (3)
 H - a wand of iceblast (7)
 K - a wand of acid (10)
 O - a wand of paralysis (25)
 W - a wand of clouds (2)
Scrolls
 f - a scroll of fog
 g - 3 scrolls of fear
 i - 2 scrolls of identify
 p - 3 scrolls of magic mapping {!r}
 t - 3 scrolls of teleportation
 v - 2 scrolls of noise {!r}
 w - 10 scrolls of remove curse
 B - 2 scrolls of blinking {!r}
 F - 2 scrolls of amnesia
 M - 3 scrolls of enchant armour
 V - 2 scrolls of enchant weapon
 Z - a scroll of silence
Potions
 d - 5 potions of might
 h - a potion of haste
 j - 4 potions of magic
 k - 3 potions of invisibility
 l - a potion of heal wounds
 n - a potion of resistance
 q - 7 potions of curing
 s - a potion of stabbing
 u - 3 potions of lignification {!q}
 z - 7 potions of flight
 A - 6 potions of brilliance
 G - 4 potions of cancellation
 S - a potion of ambrosia
Miscellaneous
 J - a box of beasts
Comestibles
 e - 7 rations


   Skills:
 + Level 3.9 Fighting
 + Level 10.1 Short Blades
 + Level 13.2 Dodging
 + Level 14.0 Stealth
 + Level 4.5 Shields
 + Level 13.6 Spellcasting
 * Level 10.4 Necromancy
 - Level 1.3 Transmutations
 + Level 0.0 Ice Magic
 * Level 12.2 Earth Magic
 + Level 8.3 Invocations
 + Level 6.6 Evocations


You had 10 spell levels left.
You knew the following spells:

 Your Spells              Type           Power        Failure   Level  Hunger
a - Sandblast             Erth           ######       1%          1    None
b - Pain                  Necr           ####         1%          1    None
c - Petrify               Tmut/Erth      #####...     2%          4    None
d - Agony                 Necr           ######..     1%          5    ###....
e - Simulacrum            Ice/Necr       ######....   63%         6    #####..
w - Passwall              Tmut/Erth      #####...     1%          2    None
x - Stone Arrow           Conj/Erth      #####.       1%          3    None
z - Lee's Rapid Deconstr  Erth           ######....   1%          5    ###....
A - Animate Dead          Necr           N/A          1%          4    None

Your spell library contained the following spells:

 Spells                   Type           Power        Failure   Level  Hunger
 Animate Skeleton         Necr           N/A          1%          1    None
 Vampiric Draining        Necr           ######....   1%          3    None
 Foxfire                  Conj/Fire      ###.         4%          1    None
 Magic Dart               Conj           ###.         4%          1    None
 Summon Small Mammal      Summ           ###.         4%          1    None
 Blink                    Tloc           N/A          7%          2    None
 Call Imp                 Summ           ###.....     7%          2    None
 Slow                     Hex            ###.....     7%          2    None
 Call Canine Familiar     Summ           ###.....     14%         3    None
 Conjure Flame            Conj/Fire      ###.....     14%         3    None
 Inner Flame              Hex/Fire       ###.....     14%         3    None
 Mephitic Cloud           Conj/Pois/Air  ###.....     14%         3    None
 Summon Guardian Golem    Hex/Summ       ###.....     14%         3    None
 Ice Form                 Ice/Tmut       ####....     34%         4    None
 Summon Ice Beast         Ice/Summ       ###.....     41%         4    None
 Sticky Flame             Conj/Fire      ###.....     43%         4    None
 Summon Lightning Spire   Summ/Air       ###.....     43%         4    None
 Metabolic Englaciation   Hex/Ice        ###.......   77%         5    ###....
 Fireball                 Conj/Fire      ###.......   78%         5    ###....
 Freezing Cloud           Conj/Ice/Air   ###.......   100%        6    #####..
 Ozocubu's Refrigeration  Ice            ###.......   100%        6    #####..


Dungeon Overview and Level Annotations

Branches:
Dungeon (15/15)            Temple (0/1) D:6            Lair (6/6) D:8
  Swamp (0/4) Lair:3        Snake (0/4) Lair:4        Slime (0/5) Lair:6
    Orc (2/2) D:12            Elf (0/3) Orc:2        Vaults (0/5) D:14
  Sewer (visited)           IceCv (visited)
 Depths: D:15

Altars:
Ashenzari
Dithmenos
Fedhas
Gozag
Hepliaklqana
Okawaru
Qazlal
Ru
Trog
Uskayaw
Vehumet
Beogh
Jiyva

Shops:
D:4 :   D:12 (   Orc:2 [:=?

Annotations:
D:5 1 runed translucent door


Innate Abilities, Weirdness & Mutations

You are very small and have problems with some larger weapons.
You are too small for most types of armour.
You have supernaturally acute eyesight. (SInv)
You are a herbivore.
You cover ground extremely quickly.
You need to consume almost no food.


Message History

* * * LOW HITPOINT WARNING * * *
You emit a cloud of dark smoke.
The wraith completely misses you.
You take 24 damage, and have 31/70 hp.
MASSIVE DAMAGE!!
You now have 29/33 mp.
You hit the phantasmal warrior.
You block the phantasmal warrior's attack.
The wraith misses you. The phantasmal warrior hits you!!
* * * LOW HITPOINT WARNING * * *
You emit a cloud of dark smoke.
You take 30 damage, and have 1/70 hp.
MASSIVE DAMAGE!!
Here: a phantasmal warrior (black smoke, lightly damaged, umbra)
The floor.
A rock wall, spattered with blood.
This square is wreathed by an umbra.
The phantasmal warrior closely misses you.
The wraith hits you.
You die...

≈.≈........#### #....#......#
≈≈..+####.....# #....#......#
≈≈≈.....#.....#####...........###
≈≈......#.................##.....
≈.......#.......(........#.#..###
..≈.#####..............###.#..#
.............###§§§....#...'..#
.........#####§§§§§....#...#..#
.........#....§W@#..8..#...#..#
.........#....§§W#.....#...#..#
..######.#....§§§#.........#..#
..#....#.'....§§§#.........#..#
).#....#.###..[..#.........+..###
..#....#...#.....#......####.....
..#....#...#######...............
..#....'.........................
..###'##............8...........#


You could see a phantasmal warrior and a wraith.

Levels and vault maps discovered:
D:1:      lightli_molten_gateway, layout_basic
D:2:      layout_basic, nicolae_qazlal_general_emergency,
          chequers_temple_overflow_statue_of_worship, first_ration,
          chequers_ecumenical_altar_simple, fedhas_ov_isle_minmay
D:3:      layout_loops_corners, nicolae_ru_path_of_blood,
          lemuel_coloured_pillars_altar
D:4:      minmay_clustersquares, layout_basic, ebering_ghost_rock_garden,
          serial_shops, nicolae_shop_crystal, minmay_tree_intersection
D:5:      layout_cave_pools, nicolae_dithmenos_through_a_glass_darkly,
          ebering_ghost_sewer_f
D:6:      layout_basic, minmay_temple_entry_mist, cheibrodos_sewer_entry_bend,
          corexii_hall_statues_u, uniq_sigmund
D:7:      layout_basic, eat_drink_and_be_merry_uskayaw, the_bakery,
          grunt_gozag_statues, uniq_maggie, uniq_pikel, uniq_duvessa
D:8:      layout_cave_pools, erik_lair_island, uniq_joseph
D:9:      layout_irregular_city, okawaru_altar_gauntlet_db, fiery_altar_vehumet,
          eino_jars
D:10:     layout_cave_pods, uniq_maurice
D:11:     layout_rooms, uniq_urug
D:12:     layout_irregular_city, kennysheep_orc_monster_closet_entryway,
          serial_shops, shop
D:13:     layout_basic
D:14:     layout_irregular_city, lightli_vaults_fourway_checkpoint, serial_ice,
          serial_ice_n, serial_ice_a, serial_ice_f, serial_ice_o, serial_ice_g,
          serial_ice_d, serial_ice_c, portal_ice_cave_entry_animals_and_master,
          infiniplex_staircase_zigzag_4
D:15:     grunt_enter_depths_magical_seal, layout_irregular_city,
          lemuel_doored_altar, minivault_11, uniq_roxanne
Lair:1:   layout_regular_city, st_stairs_5
Lair:2:   layout_gridlike
Lair:3:   layout_misc_corridors, minmay_swamp_entry_worms,
          chequers_serial_rivers_marsh, serial_bayou_shore_a,
          infiniplex_staircase_pool
Lair:4:   beast_lair_carwin_large_2, layout_gridlike, dummy_snake_entry,
          special_room [special_room_mythical_zoo], basic_altar
Lair:5:   layout_cellular_growth
Lair:6:   hangedman_lair_tendril_chambers, layout_loops_ring, wormcave,
          slime_altar_1, special_room [special_room_mythical_zoo],
          minmay_another_anthill
Orc:1:    layout_caves
Orc:2:    st_orc_town, layout_diamond_mine, nicolae_orc_bridge_out,
          uniq_josephine, uniq_erolcha

Notes
Turn   | Place    | Note
-------+----------+-------------------------------------------
     0 | D:1      | lepoulpe303 the Spriggan Earth Elementalist began the quest
                  | for the Orb.
     0 | D:1      | Reached XP level 1. HP: 9/9 MP: 5/5
    92 | D:1      | Reached skill level 3 in Spellcasting
   101 | D:1      | Reached XP level 2. HP: 13/13 MP: 0/7
   236 | D:1      | Reached skill level 3 in Earth Magic
   305 | D:1      | Learned a level 2 spell: Passwall
   316 | D:1      | Identified a +0 short sword
   424 | D:1      | Identified a +0 dagger
   574 | D:1      | Reached XP level 3. HP: 16/16 MP: 8/8
   579 | D:1      | Learned a level 3 spell: Stone Arrow
   593 | D:1      | Identified a +0 whip
   854 | D:1      | Identified a scroll of blinking
  1306 | D:2      | Found a blossoming altar of Fedhas.
  1371 | D:2      | Found a faded altar of an unknown god.
  1454 | D:2      | Found a bloodstained altar of Trog.
  1454 | D:2      | Found a hazy altar of Hepliaklqana.
  1739 | D:2      | Found a stormy altar of Qazlal.
  1990 | D:3      | Reached XP level 4. HP: 20/21 MP: 6/10
  2399 | D:3      | Identified a +0 scale mail
  2505 | D:3      | Reached skill level 4 in Dodging
  2531 | D:3      | HP: 5/21 [poisoned by an adder]
  2799 | D:3      | Identified a +0 dagger
  3058 | D:3      | Identified a +0 club
  3103 | D:3      | Found a sacrificial altar of Ru.
  3222 | D:3      | Reached skill level 1 in Short Blades
  3362 | D:3      | Found a shattered altar of Ashenzari.
  3380 | D:3      | Identified 2 scrolls of identify
  3380 | D:3      | Identified an amulet of reflection (You found it on level 3
                  | of the Dungeon)
  3382 | D:3      | Identified 2 scrolls of magic mapping
  3383 | D:3      | lepoulpe303: !whichgod spee
  3383 | D:3      | meem: 13 recent wins for spee: 4x Gozag, 3x Zin,
                  | Cheibriados, Dithmenos, The Shining One, Vehumet, Makhleb,
                  | Sif Muna
  3624 | D:4      | Reached skill level 4 in Stealth
  3624 | D:4      | Reached skill level 4 in Spellcasting
  3624 | D:4      | Reached XP level 5. HP: 24/24 MP: 6/12
  3940 | D:4      | Reached skill level 1 in Shields
  4136 | D:4      | Noticed a wyvern
  4150 | D:4      | Identified a cursed +1 war axe of freezing
  4150 | D:4      | Identified a cursed +0 robe
  4153 | D:4      | Identified a +0 giant club
  4153 | D:4      | Noticed an ogre
  4184 | D:4      | Reached XP level 6. HP: 22/28 MP: 13/13
  4217 | D:4      | Reached skill level 4 in Earth Magic
  4368 | D:4      | Reached skill level 2 in Short Blades
  4491 | D:4      | Found Qaull's Book Boutique.
  4665 | D:4      | Identified a +0 whip
  4665 | D:4      | Identified a +0 leather armour
  4667 | D:4      | Identified a +0 spear
  4693 | D:4      | Reached skill level 5 in Spellcasting
  4789 | D:4      | Identified a +0 flail
  4789 | D:4      | Identified a +0 robe
  5032 | D:4      | Found a runed translucent gate.
  5069 | D:4      | Learned a level 4 spell: Petrify
  5086 | D:4      | Found a runed translucent gate.
  5086 | D:4      | Found a runed translucent gate.
  5086 | D:4      | Noticed CannibalFerox's ghost (amateur MiHu)
  5148 | D:4      | Identified a +0 giant spiked club
  5157 | D:4      | Identified a +0 flail
  5200 | D:4      | Reached skill level 5 in Dodging
  5200 | D:4      | Reached skill level 5 in Stealth
  5200 | D:4      | Reached XP level 7. HP: 23/32 MP: 8/16
  5311 | D:4      | Killed CannibalFerox's ghost
  5677 | D:4      | Noticed a hippogriff
  5794 | D:3      | Killed a hippogriff
  5794 | D:3      | Reached skill level 3 in Short Blades
  5794 | D:3      | Reached skill level 2 in Shields
  5794 | D:3      | Reached skill level 6 in Spellcasting
  5794 | D:3      | Reached skill level 5 in Earth Magic
  5794 | D:3      | Reached XP level 8. HP: 36/36 MP: 16/18
  5801 | D:3      | Learned a level 5 spell: Lee's Rapid Deconstruction
  6114 | D:4      | Identified a cursed -3 hand axe
  6114 | D:4      | Identified a +0 leather armour
  6114 | D:4      | Identified a +0 short sword
  6115 | D:4      | Identified a cursed -1 dagger
  6115 | D:4      | Identified a +0 chain mail
  6115 | D:4      | Identified a +0 mace
  6595 | D:3      | Identified 4 scrolls of remove curse
  6596 | D:3      | Identified a ring of flight (You found it on level 1 of the
                  | Dungeon)
  6602 | D:3      | Identified a +2 buckler (You found it on level 1 of the
                  | Dungeon)
  7071 | D:4      | Reached skill level 6 in Dodging
  7071 | D:4      | Reached skill level 6 in Stealth
  7465 | D:5      | Entered Level 5 of the Dungeon
  7650 | D:5      | Found a runed translucent door.
  7659 | D:5      | Noticed greedy's ghost (novice DsWn)
  7730 | D:5      | Found a shadowy altar of Dithmenos.
  7770 | D:5      | Found a runed translucent door.
  7903 | D:5      | HP: 7/36 [ice beast (9)]
  8019 | D:4      | Reached skill level 7 in Spellcasting
  8515 | D:5      | Became a worshipper of Dithmenos the Shadowed
  8617 | D:5      | Killed greedy's ghost
  8617 | D:5      | Reached skill level 4 in Short Blades
  8617 | D:5      | Reached skill level 6 in Earth Magic
  8709 | D:5      | Reached XP level 9. HP: 22/39 MP: 2/21
  9127 | D:5      | Reached skill level 1 in Invocations
  9154 | D:5      | Reached skill level 7 in Stealth
  9557 | D:6      | Identified a +1 vorpal battleaxe
  9557 | D:6      | Identified a +0 plate armour
  9557 | D:6      | Identified a +0 leather armour
  9560 | D:6      | Found a staircase to the Ecumenical Temple.
  9734 | D:6      | Identified a +0 scythe
  9734 | D:6      | Identified a +0 robe
  9734 | D:6      | Noticed Sigmund
  9735 | D:6      | Identified a +0 flail
  9737 | D:6      | Identified a cursed -2 club
  9744 | D:6      | Killed Sigmund
  9747 | D:6      | Identified a +0 dagger
  9747 | D:6      | Identified a +0 robe
  9775 | D:6      | Identified a +0 dagger
  9776 | D:6      | Identified a +0 hand axe
  9776 | D:6      | Identified a +0 leather armour
  9794 | D:6      | Identified a +0 rapier (You found it on level 6 of the
                  | Dungeon)
  9803 | D:6      | Reached skill level 7 in Dodging
  9810 | D:6      | Reached skill level 8 in Spellcasting
  9892 | D:6      | Found a glowing drain.
  9906 | Sewer    | Entered a sewer
  9916 | Sewer    | Reached * piety under Dithmenos
 10080 | Sewer    | Identified a ring of teleportation (You found it on level 5
                  | of the Dungeon)
 10082 | Sewer    | Identified a ring of protection from cold (You found it on
                  | level 6 of the Dungeon)
 10087 | Sewer    | Identified an amulet of faith (You found it on level 5 of
                  | the Dungeon)
 10358 | Sewer    | Reached ** piety under Dithmenos
 10817 | Sewer    | Reached skill level 3 in Shields
 11091 | D:6      | Identified a +0 short sword
 11091 | D:6      | Identified a +0 scale mail
 11133 | D:6      | Identified a +0 hand axe
 11133 | D:6      | Identified a +0 plate armour
 11437 | D:6      | Reached skill level 2 in Invocations
 11526 | D:7      | Identified a +2 whip of freezing
 11526 | D:7      | Identified a +0 robe
 11526 | D:7      | Noticed Pikel
 11545 | D:7      | Learned a level 4 spell: Animate Dead
 11547 | D:7      | Identified a +0 short sword
 11547 | D:7      | Identified a +0 leather armour
 11547 | D:7      | Noticed Duvessa
 11547 | D:7      | Identified a +3 dagger of venom
 11547 | D:7      | Identified a +0 robe
 11547 | D:7      | Noticed Dowan
 11622 | D:7      | Found an opulent altar of Gozag.
 11651 | D:7      | Killed Pikel
 11651 | D:7      | Reached skill level 8 in Stealth
 11651 | D:7      | Reached skill level 1 in Necromancy
 11814 | D:7      | Identified a +2 glaive of flaming
 11814 | D:7      | Identified +0 steam dragon scales
 11814 | D:7      | Noticed Maggie
 11823 | D:7      | HP: 7/39 [Maggie/bolt of fire (32)]
 12091 | D:7      | Found a hide-covered altar of Uskayaw.
 12164 | D:7      | Reached skill level 5 in Short Blades
 12295 | D:7      | Reached skill level 7 in Earth Magic
 12487 | D:7      | Killed Maggie
 12487 | D:7      | Reached XP level 10. HP: 44/44 MP: 19/23
 12617 | D:7      | Killed Duvessa
 12617 | D:7      | Reached skill level 9 in Spellcasting
 12631 | D:7      | Killed Dowan
 12769 | D:8      | Found a staircase to the Lair.
 12818 | D:7      | Reached *** piety under Dithmenos
 12818 | D:7      | Reached skill level 2 in Necromancy
 13097 | D:7      | Reached skill level 8 in Dodging
 13115 | D:8      | Identified a +0 hand axe
 13442 | D:7      | Identified a cursed +0 robe (You found it on level 7 of the
                  | Dungeon)
 13474 | D:7      | Identified a +0 hand axe
 13474 | D:7      | Identified a +0 leather armour
 13475 | D:7      | Identified a +0 halberd
 13475 | D:7      | Identified a +0 plate armour
 13476 | D:7      | Identified a +0 club
 13476 | D:7      | Identified a +0 leather armour
 13476 | D:7      | Identified a +0 dagger
 13476 | D:7      | Identified a +0 robe
 13494 | D:7      | Identified a +0 whip
 13543 | D:7      | HP: 11/44 [orc wizard/magic dart (12)]
 13609 | D:7      | Reached skill level 3 in Invocations
 13885 | D:7      | Identified a +0 dagger
 13885 | D:7      | Identified a +0 robe
 13998 | D:8      | Identified a cursed +0 dagger
 14002 | D:8      | Identified a +2 dire flail of holy wrath
 14002 | D:8      | Identified a +0 plate armour
 14042 | D:8      | Identified a +0 mace
 14042 | D:8      | Identified a +0 ring mail
 14180 | D:8      | Identified a +0 shortbow
 14197 | D:8      | Identified a scarf of invisibility (You found it on level 8
                  | of the Dungeon)
 14259 | D:8      | Identified a +0 club
 14262 | D:8      | Identified a +0 quarterstaff
 14262 | D:8      | Identified a +0 hunting sling
 14262 | D:8      | Identified a +0 ring mail
 14262 | D:8      | Noticed Joseph
 14348 | D:8      | Reached skill level 3 in Necromancy
 14375 | D:8      | Identified an amulet of inaccuracy (You found it on level 8
                  | of the Dungeon)
 14377 | D:8      | Identified 3 potions of flight
 14568 | D:8      | Killed Joseph
 14737 | D:9      | Found a radiant altar of Vehumet.
 14878 | D:9      | Reached **** piety under Dithmenos
 14903 | D:9      | Identified a +0 giant club
 14917 | D:9      | Reached skill level 9 in Stealth
 15006 | D:9      | Identified a +0 dagger
 15006 | D:9      | Identified a +0 leather armour
 15007 | D:9      | Identified a +0 dagger
 15007 | D:9      | Identified a +0 robe
 15007 | D:9      | Identified a +0 war axe
 15007 | D:9      | Identified a cursed +0 chain mail
 15007 | D:9      | Identified a +0 club
 15025 | D:9      | Identified a +0 shortbow
 15553 | D:9      | Identified a +0 dagger
 15553 | D:9      | Identified a cursed -2 robe
 15556 | D:9      | Identified a +0 mace
 15556 | D:9      | Identified a +0 leather armour
 15557 | D:9      | Identified a +0 club
 15758 | D:9      | Identified a +0 giant club
 15822 | D:9      | Found an iron altar of Okawaru.
 15916 | D:9      | Identified a cursed -2 giant club
 15916 | D:9      | Identified a +0 giant club
 15916 | D:9      | Noticed a two-headed ogre
 15939 | D:9      | Identified a +0 giant club
 15939 | D:9      | Identified a +0 giant spiked club
 15939 | D:9      | Noticed a two-headed ogre
 15967 | D:9      | Killed a two-headed ogre
 15967 | D:9      | Reached skill level 10 in Spellcasting
 15967 | D:9      | Reached XP level 11. HP: 47/47 MP: 19/26
 15977 | D:9      | Killed a two-headed ogre
 15977 | D:9      | Reached skill level 6 in Short Blades
 15977 | D:9      | Reached skill level 4 in Shields
 15977 | D:9      | Reached skill level 4 in Necromancy
 15977 | D:9      | Reached skill level 8 in Earth Magic
 16513 | D:10     | Entered Level 10 of the Dungeon
 16541 | D:10     | Identified a +0 dagger
 16542 | D:10     | Identified a +2 mace of draining
 16556 | D:10     | Identified a +0 short sword
 16556 | D:10     | Identified a +0 chain mail
 16559 | D:10     | Identified a +0 war axe
 16559 | D:10     | Identified a +0 shortbow
 16584 | D:10     | Identified a cursed -3 flail
 16584 | D:10     | Identified a +0 chain mail
 16614 | D:10     | Reached ***** piety under Dithmenos
 16768 | D:10     | Reached skill level 9 in Dodging
 16768 | D:10     | Reached skill level 4 in Invocations
 16826 | D:10     | Identified a +0 hand axe
 16999 | D:10     | Identified a cursed +3 battleaxe of freezing
 16999 | D:10     | Identified a +0 robe
 16999 | D:10     | Identified a +0 mace
 16999 | D:10     | Identified a +0 robe
 17001 | D:10     | Identified a cursed +2 mace
 17001 | D:10     | Identified a +0 robe
 17002 | D:10     | Identified a cursed +3 mace
 17002 | D:10     | Identified a cursed +0 robe
 17142 | D:10     | Identified a +0 giant club
 17231 | D:10     | HP: 10/48 [yak (15)]
 17240 | D:10     | Identified a +0 shortbow
 17585 | D:10     | Identified a +0 dagger of venom
 17585 | D:10     | Identified a +2 cloak
 17585 | D:10     | Noticed Maurice
 17610 | D:10     | Identified a +0 giant club
 17776 | D:10     | Learned a level 1 spell: Pain
 17956 | D:10     | Identified a +0 ring mail of poison resistance
 17957 | D:10     | Identified a +0 scale mail
 17958 | D:10     | Identified a +0 halberd
 17958 | D:10     | Identified a +2 chain mail of magic resistance
 17960 | D:10     | Identified a +0 morningstar
 17963 | D:10     | Killed Maurice
 18001 | D:10     | Reached skill level 1 in Fighting
 18241 | D:11     | Reached skill level 10 in Stealth
 18241 | D:11     | Reached skill level 5 in Necromancy
 18246 | D:10     | Identified an amulet of regeneration (You found it on level
                  | 9 of the Dungeon)
 18247 | D:10     | Identified 3 potions of magic
 18248 | D:10     | Identified 3 potions of brilliance
 18249 | D:10     | Identified 3 potions of degeneration
 18337 | D:11     | Identified a +4 scimitar of flaming
 18520 | D:11     | Identified a ring of evasion (You found it on level 11 of
                  | the Dungeon)
 18550 | D:11     | HP: 8/49 [efreet/fireball (23)]
 19447 | D:11     | Identified a +1 vorpal glaive
 19447 | D:11     | Identified a +0 chain mail
 19447 | D:11     | Noticed Urug
 19461 | D:11     | Killed Urug
 19765 | D:12     | Reached skill level 11 in Spellcasting
 19816 | D:12     | Identified a +0 mace
 19816 | D:12     | Noticed a skeletal warrior
 19817 | D:12     | Identified a +0 battleaxe
 19817 | D:12     | Noticed a skeletal warrior
 19819 | D:12     | Identified a +0 trident
 19819 | D:12     | Noticed a skeletal warrior
 19871 | D:12     | Killed a skeletal warrior
 20072 | D:12     | Reached skill level 9 in Earth Magic
 20072 | D:12     | Reached XP level 12. HP: 54/54 MP: 28/28
 20160 | D:12     | Identified a +0 flail
 20198 | D:12     | Reached skill level 2 in Fighting
 20324 | D:12     | Identified a +0 shortbow
 20324 | D:12     | Identified a +0 shortbow
 20325 | D:12     | Identified a +0 shortbow
 20326 | D:12     | Identified a +0 shortbow
 20326 | D:12     | Identified a +0 shortbow
 20500 | D:12     | Found Zanan's Weapon Boutique.
 20826 | D:12     | Reached skill level 7 in Short Blades
 21072 | D:12     | Reached skill level 6 in Necromancy
 21083 | D:12     | Reached skill level 5 in Invocations
 21211 | D:12     | Reached skill level 10 in Dodging
 21237 | D:12     | Identified a +2 trident of venom
 21237 | D:12     | Identified a +0 ring mail
 21247 | D:12     | Identified a +0 club
 21309 | D:12     | Identified a +0 long sword
 21309 | D:12     | Identified a +0 leather armour
 21321 | D:12     | Identified a cursed -1 giant club
 21321 | D:12     | Identified a +0 club
 21322 | D:12     | Found a staircase to the Orcish Mines.
 21322 | D:12     | Identified a +0 short sword
 21322 | D:12     | Identified a +0 club
 21322 | D:12     | Identified a +0 whip
 21322 | D:12     | Identified a cursed -1 club
 21322 | D:12     | Identified a cursed +0 ring mail
 21322 | D:12     | Identified a cursed -3 falchion
 21322 | D:12     | Identified a +0 leather armour
 21322 | D:12     | Identified a +0 falchion
 21322 | D:12     | Identified a +0 chain mail
 21322 | D:12     | Identified a +0 giant club
 21322 | D:12     | Identified a +0 mace
 21322 | D:12     | Identified a +0 leather armour
 21323 | D:12     | Identified a +0 halberd
 21323 | D:12     | Identified a cursed -2 spear
 21323 | D:12     | Identified a +0 ring mail
 21323 | D:12     | Identified a +0 kite shield
 21323 | D:12     | Identified a +0 battleaxe
 21323 | D:12     | Identified a +0 chain mail
 21323 | D:12     | Identified a +0 giant club
 21323 | D:12     | Identified a +0 battleaxe
 21323 | D:12     | Identified a +0 chain mail
 21323 | D:12     | Identified a +0 giant spiked club
 21394 | D:12     | Reached ****** piety under Dithmenos
 21903 | D:12     | Identified a ring of attention (You found it on level 10 of
                  | the Dungeon)
 22114 | Lair:1   | Entered Level 1 of the Lair of Beasts
 22152 | Lair:1   | Identified 2 potions of curing
 22153 | Lair:1   | Identified 2 potions of cancellation
 22268 | Lair:1   | Reached skill level 11 in Stealth
 22913 | Lair:1   | Learned a level 5 spell: Agony
 23048 | Lair:1   | You fall into a shaft and drop 1 floor!
 23049 | Lair:2   | Identified 2 potions of lignification
 23326 | Lair:2   | Reached skill level 3 in Fighting
 23954 | Lair:2   | Identified a potion of invisibility
 23955 | Lair:2   | Identified a potion of mutation
 23956 | Lair:2   | Identified a potion of berserk rage
 23957 | Lair:2   | Identified a potion of resistance
 24040 | Lair:2   | Reached skill level 12 in Spellcasting
 24256 | Lair:2   | Reached skill level 7 in Necromancy
 24362 | Lair:2   | Identified a scroll of brand weapon
 24703 | Lair:2   | Identified a +1 short sword of venom (You found it on level
                  | 2 of the Lair of Beasts)
 24736 | Lair:3   | Noticed a four-headed hydra
 24744 | Lair:3   | Killed a four-headed hydra
 24744 | Lair:3   | Reached XP level 13. HP: 60/60 MP: 30/30
 25018 | Lair:3   | Found a staircase to the Swamp.
 25020 | Lair:3   | Reached skill level 10 in Earth Magic
 25529 | Lair:3   | Reached skill level 6 in Invocations
 25649 | Lair:4   | Found a hide-covered altar of Uskayaw.
 25657 | Lair:4   | Reached skill level 8 in Short Blades
 26276 | Lair:4   | Reached skill level 11 in Dodging
 26753 | Lair:4   | Found a staircase to the Snake Pit.
 27260 | Lair:5   | Reached skill level 12 in Stealth
 27326 | Lair:5   | Reached skill level 8 in Necromancy
 27328 | Lair:5   | Identified a potion of might
 27330 | Lair:5   | Identified a ring of see invisible (You found it on level 4
                  | of the Lair of Beasts)
 27887 | Lair:5   | Reached skill level 1 in Evocations
 28270 | Lair:6   | Entered Level 6 of the Lair of Beasts
 28743 | Lair:6   | Reached skill level 2 in Evocations
 28950 | Lair:5   | HP: 15/60 [poisoned by a guardian serpent (bolt of poison)]
 28957 | Lair:5   | HP: 13/60 [poisoned by a guardian serpent (bolt of poison)]
 28964 | Lair:5   | HP: 13/60 [poisoned by a guardian serpent (bolt of poison)]
 28972 | Lair:5   | HP: 12/60 [poisoned by a guardian serpent (bolt of poison)]
 29423 | Lair:6   | Reached XP level 14. HP: 57/65 MP: 31/31
 29730 | Lair:6   | Found a viscous altar of Jiyva.
 29731 | Lair:6   | Found a staircase to the Slime Pits.
 29739 | Lair:6   | Reached skill level 3 in Evocations
 29836 | Lair:6   | Reached skill level 11 in Earth Magic
 29853 | Lair:6   | Reached skill level 7 in Invocations
 30182 | Lair:6   | HP: 11/65 [wolf spider (14)]
 31013 | Lair:6   | Reached skill level 9 in Short Blades
 31067 | Lair:6   | Reached skill level 12 in Dodging
 31262 | Lair:6   | Found a runed translucent door.
 31278 | Lair:6   | Reached skill level 9 in Necromancy
 31470 | Lair:6   | Reached skill level 4 in Evocations
 31700 | Lair:6   | Identified a ring of ice (You found it on level 6 of the
                  | Lair of Beasts)
 32089 | Lair:6   | Noticed an entropy weaver
 32141 | Lair:6   | Killed an entropy weaver
 32141 | Lair:6   | Reached skill level 13 in Stealth
 32331 | Lair:6   | Identified a ring of positive energy (You found it on level
                  | 6 of the Lair of Beasts)
 32352 | Lair:6   | Noticed an entropy weaver
 32360 | Lair:6   | Killed an entropy weaver
 32360 | Lair:6   | Reached skill level 13 in Spellcasting
 32686 | Lair:6   | Identified 4 scrolls of immolation
 32773 | Lair:6   | HP: 13/65 [lindwurm (12)]
 32945 | Lair:6   | HP: 16/65 [lindwurm/blast of flame (25)]
 32946 | Lair:6   | HP: 7/65 [lindwurm (8)]
 33433 | Lair:6   | Reached skill level 5 in Evocations
 33969 | D:4      | Bought a book of Minor Magic for 240 gold pieces
 34031 | D:8      | Identified a potion of ambrosia
 34032 | D:8      | Identified a potion of haste
 34033 | D:8      | Identified 4 scrolls of fear
 34034 | D:8      | Identified 3 scrolls of teleportation
 34035 | D:8      | Identified 3 scrolls of noise
 34036 | D:8      | Identified 3 scrolls of random uselessness
 34040 | D:8      | Identified 3 scrolls of enchant armour
 34127 | Orc:1    | Entered Level 1 of the Orcish Mines
 34171 | Orc:1    | Identified a +0 giant club
 34309 | Orc:2    | Entered Level 2 of the Orcish Mines
 34309 | Orc:2    | Identified a +0 giant club
 34309 | Orc:2    | Identified a +0 long sword
 34309 | Orc:2    | Identified a +0 plate armour
 34309 | Orc:2    | Identified a +0 dagger
 34309 | Orc:2    | Identified a +0 robe
 34309 | Orc:2    | Identified a +0 whip
 34309 | Orc:2    | Identified a +0 flail
 34317 | Orc:2    | Identified a +0 dire flail
 34317 | Orc:2    | Identified a +0 arbalest
 34317 | Orc:2    | Identified a +0 plate armour
 34321 | Orc:2    | Identified a +0 dagger
 34321 | Orc:2    | Identified a +1 robe of fire resistance
 34325 | Orc:2    | Identified a +0 battleaxe
 34325 | Orc:2    | Identified a +0 plate armour
 34325 | Orc:2    | Identified a +0 chain mail
 34326 | Orc:2    | Identified a +0 short sword
 34326 | Orc:2    | Identified a +0 glaive
 34326 | Orc:2    | Identified a cursed +0 plate armour
 34327 | Orc:2    | Identified a +1 dagger of protection
 34327 | Orc:2    | Identified a +0 robe
 34327 | Orc:2    | Identified a +0 dagger
 34327 | Orc:2    | Identified a +0 ring mail
 34327 | Orc:2    | Identified a +0 dagger
 34327 | Orc:2    | Identified a +0 robe
 34327 | Orc:2    | Identified a +0 hand axe
 34327 | Orc:2    | Identified a +0 leather armour
 34329 | Orc:2    | Identified a +5 demon trident
 34332 | Orc:2    | Identified a +0 flail
 34332 | Orc:2    | Identified a +3 chain mail
 34332 | Orc:2    | Identified a +0 hand axe
 34332 | Orc:2    | Identified a +0 leather armour
 34338 | Orc:2    | Identified a +1 dagger of protection
 34338 | Orc:2    | Identified a +0 robe
 34338 | Orc:2    | Noticed Josephine
 34499 | Orc:2    | Identified a +0 troll leather armour
 34503 | Orc:2    | Identified a +0 flail
 34503 | Orc:2    | Identified a +0 chain mail
 34519 | Orc:2    | Identified a cursed -2 giant club
 34519 | Orc:2    | Identified a +1 robe of positive energy
 34519 | Orc:2    | Noticed Erolcha
 34533 | Orc:1    | Killed Josephine
 34740 | Orc:2    | Identified a +2 dagger of venom
 34740 | Orc:2    | Identified a +0 robe
 34918 | Orc:1    | Killed Erolcha
 35193 | Orc:2    | Found a staircase to the Elven Halls.
 35193 | Orc:2    | Identified a +0 hand axe
 35195 | Orc:2    | Identified a +0 trident
 35195 | Orc:2    | Identified a +0 hand axe
 35195 | Orc:2    | Identified a +0 leather armour
 35195 | Orc:2    | Identified a +0 hand axe
 35195 | Orc:2    | Identified a +0 scale mail
 35201 | Orc:2    | Identified a +0 falchion
 35201 | Orc:2    | Identified a +0 leather armour
 35208 | Orc:2    | Identified a +1 dagger of venom
 35210 | Orc:2    | Identified a +0 mace
 35210 | Orc:2    | Identified a +0 whip
 35210 | Orc:2    | Identified a +0 scale mail
 35211 | Orc:2    | Identified a +0 dagger
 35211 | Orc:2    | Identified a +0 robe
 35211 | Orc:2    | Identified a +0 scale mail
 35211 | Orc:2    | Identified a +0 short sword
 35211 | Orc:2    | Identified a +0 chain mail
 35227 | Orc:2    | Identified a +0 dagger
 35227 | Orc:2    | Identified a +0 robe
 35305 | Orc:2    | Identified a +0 dagger
 35305 | Orc:2    | Identified a +0 robe
 35328 | Orc:2    | Identified a +0 falchion
 35328 | Orc:2    | Identified a +0 hand axe
 35329 | Orc:2    | Identified a +0 falchion
 35329 | Orc:2    | Identified a +0 dagger
 35329 | Orc:2    | Identified a +0 robe
 35330 | Orc:2    | Identified a cursed -2 hand axe
 35330 | Orc:2    | Identified a +0 plate armour
 35368 | Orc:2    | Identified a +0 club
 35368 | Orc:2    | Identified a +0 scale mail
 35370 | Orc:2    | Identified a +0 leather armour
 35381 | Orc:2    | Identified a +0 whip
 35381 | Orc:2    | Identified a +0 ring mail
 35384 | Orc:2    | Identified a +0 dagger
 35384 | Orc:2    | Identified a +0 robe
 35392 | Orc:2    | Identified a +0 dagger
 35392 | Orc:2    | Identified a +0 robe
 35393 | Orc:2    | Identified a +0 dagger
 35393 | Orc:2    | Identified a +0 robe
 35396 | Orc:2    | Identified a +0 mace
 35398 | Orc:2    | Identified a +0 dagger
 35398 | Orc:2    | Identified a +0 robe
 35398 | Orc:2    | Identified a +2 dagger of venom
 35398 | Orc:2    | Identified a +0 robe
 35399 | Orc:2    | Identified a +0 dagger
 35399 | Orc:2    | Identified a cursed +0 robe
 35400 | Orc:2    | Identified a +0 dagger
 35400 | Orc:2    | Identified a +0 robe
 35407 | Orc:2    | Identified a +0 dagger
 35407 | Orc:2    | Identified a +0 robe
 35411 | Orc:2    | Identified a +0 dagger
 35411 | Orc:2    | Identified a +0 robe
 35456 | Orc:1    | Identified a +0 dagger
 35456 | Orc:1    | Identified a +0 robe
 35456 | Orc:1    | Identified a +0 trident
 35456 | Orc:1    | Identified a +0 chain mail
 35456 | Orc:1    | Identified a +0 club
 35456 | Orc:1    | Identified a +0 leather armour of poison resistance
 35456 | Orc:1    | Identified a +0 leather armour
 35456 | Orc:1    | Identified a +0 dagger
 35456 | Orc:1    | Identified a +0 robe
 35567 | Orc:2    | Identified a +0 giant club
 35570 | Orc:2    | Identified a +0 trident
 35570 | Orc:2    | Identified a +0 ring mail
 35590 | Orc:2    | Identified a +0 mace
 35592 | Orc:2    | Identified a +0 hand axe
 35592 | Orc:2    | Identified a +0 plate armour
 35595 | Orc:2    | Identified a +0 flail
 35681 | Orc:2    | Identified a +0 dagger
 35681 | Orc:2    | Identified a +1 robe of positive energy
 35684 | Orc:2    | Identified a +0 giant club
 35732 | Orc:2    | Identified a +2 hand axe of electrocution
 35776 | Orc:2    | Identified a +0 dagger
 35776 | Orc:2    | Identified a +0 robe
 35846 | Orc:2    | Identified a +0 dagger
 35846 | Orc:2    | Identified a +2 robe of magic resistance
 35853 | Orc:2    | Identified a +0 leather armour
 35855 | Orc:2    | Identified a +1 dagger of flaming
 35855 | Orc:2    | Identified a +1 robe of the Archmagi
 35866 | Orc:2    | Reached XP level 15. HP: 63/68 MP: 13/33
 35866 | Orc:2    | Identified a +0 dagger
 35866 | Orc:2    | Identified a +0 robe
 35878 | Orc:2    | Identified a +0 dagger
 35878 | Orc:2    | Identified a +2 robe of fire resistance
 36154 | Orc:2    | Identified a +0 dagger
 36154 | Orc:2    | Identified a +0 robe
 36156 | Orc:2    | Identified a +0 dagger
 36156 | Orc:2    | Identified a +1 robe
 36159 | Orc:2    | Identified a +0 dagger
 36159 | Orc:2    | Identified a +0 robe
 36164 | Orc:2    | Identified a +0 dagger
 36164 | Orc:2    | Identified a +0 robe
 36180 | Orc:2    | Identified a cursed +0 dagger
 36180 | Orc:2    | Identified a +0 robe
 36181 | Orc:2    | Identified a +0 dagger
 36181 | Orc:2    | Identified a +0 robe
 36194 | Orc:2    | Identified a +0 dagger
 36194 | Orc:2    | Identified a +0 chain mail of cold resistance
 36266 | Orc:2    | Identified a +0 club
 36270 | Orc:2    | Identified a +0 dagger
 36270 | Orc:2    | Identified a +0 robe
 36301 | Orc:2    | Identified a +0 whip
 36303 | Orc:2    | Identified a cursed -3 dagger
 36303 | Orc:2    | Identified a +0 robe
 36303 | Orc:2    | Identified a +0 dagger
 36303 | Orc:2    | Identified a +0 robe
 36341 | Orc:2    | Identified a +0 dagger
 36341 | Orc:2    | Identified a +0 robe
 36349 | Orc:2    | Found Vuaraluly's Armour Emporium.
 36349 | Orc:2    | Found Lese's Book Shop.
 36349 | Orc:2    | Identified a +0 dagger of electrocution
 36349 | Orc:2    | Identified a +0 robe
 36513 | Orc:2    | Identified a +0 dagger
 36513 | Orc:2    | Identified a +0 robe
 36570 | Orc:2    | Identified a +0 hand axe
 36581 | Orc:2    | Identified a +0 short sword
 36620 | Orc:2    | Identified a +0 dagger
 36620 | Orc:2    | Identified a cursed +0 falchion
 36620 | Orc:2    | Identified a +0 club
 36620 | Orc:2    | Identified a +0 leather armour
 36622 | Orc:2    | Identified a +0 dagger
 36622 | Orc:2    | Identified a +0 robe
 36625 | Orc:2    | Identified a +0 dagger
 36625 | Orc:2    | Identified a +0 robe
 36625 | Orc:2    | Identified a +0 whip
 36668 | Orc:2    | Identified a +2 antimagic dagger
 36668 | Orc:2    | Identified a +0 robe
 36694 | Orc:2    | Found Kaning's Jewellery Emporium.
 36694 | Orc:2    | Found Symuu's Magic Scroll Shop.
 36708 | Orc:2    | Bought a scroll of teleportation for 39 gold pieces
 36708 | Orc:2    | Bought a scroll of enchant armour for 97 gold pieces
 36718 | Orc:2    | Found a roughly hewn altar of Beogh.
 36984 | Orc:2    | Bought the +3 warlock's mirror {reflect} for 640 gold
                  | pieces
 36984 | Orc:2    | Bought the +5 robe of Night {Dark MR+ SInv} for 960 gold
                  | pieces
 36984 | Orc:2    | Found the +5 robe of Night {Dark MR+ SInv}
 36984 | Orc:2    | Found the +3 warlock's mirror {reflect}
 37199 | Orc:1    | Identified a +0 dagger
 37199 | Orc:1    | Identified a +0 robe
 37199 | Orc:1    | Identified a +0 short sword
 37199 | Orc:1    | Identified a +0 chain mail
 37199 | Orc:1    | Identified a +0 flail
 37199 | Orc:1    | Identified a +0 mace
 37199 | Orc:1    | Identified a +0 mace
 37199 | Orc:1    | Identified a +0 dagger
 37199 | Orc:1    | Identified a +0 robe
 37269 | Orc:1    | Identified a +0 mace
 37269 | Orc:1    | Identified a +0 plate armour
 37270 | Orc:1    | Identified a +0 leather armour
 37272 | Orc:1    | Identified a +0 dagger
 37272 | Orc:1    | Identified a +0 robe
 37277 | Orc:1    | Identified a +0 flail
 37277 | Orc:1    | Identified a +0 plate armour
 38266 | D:13     | Identified a +0 short sword
 38269 | D:13     | Identified a +0 dagger
 38269 | D:13     | Identified a +0 robe
 38269 | D:13     | Identified a +0 ring mail
 38315 | D:13     | Identified a +0 dagger
 38317 | D:13     | Identified a +0 whip
 38317 | D:13     | Identified a +0 short sword
 38801 | D:13     | Identified a +0 hand axe
 38801 | D:13     | Identified a +0 chain mail
 38944 | D:14     | Identified a +0 hand axe
 38944 | D:14     | Identified a +0 robe
 38945 | D:14     | Identified a cursed +0 battleaxe
 38945 | D:14     | Identified a +0 robe
 38947 | D:14     | Identified a +0 war axe
 38947 | D:14     | Identified a +0 robe
 39465 | D:14     | Identified a +0 war axe
 39465 | D:14     | Identified a +0 ring mail
 39465 | D:14     | Identified a +0 kite shield
 39594 | D:14     | Found a frozen archway.
 39603 | D:14     | Reached skill level 10 in Necromancy
 39603 | D:14     | Reached skill level 8 in Invocations
 39617 | IceCv    | Entered an ice cave
 39709 | IceCv    | Identified a ring of fire (You found it on level 13 of the
                  | Dungeon)
 39954 | IceCv    | Reached skill level 6 in Evocations
 39964 | IceCv    | Reached skill level 12 in Earth Magic
 40196 | IceCv    | Identified a +1 battleaxe of freezing
 40196 | IceCv    | Noticed a frost giant
 40240 | IceCv    | Killed a frost giant
 40500 | IceCv    | Identified a scroll of fog
 40501 | IceCv    | Identified a scroll of vulnerability
 40525 | IceCv    | HP: 10/68 [something (9)]
 40531 | IceCv    | HP: 16/68 [something (6)]
 40539 | D:14     | HP: 8/68 [ice dragon (10)]
 40539 | D:14     | HP: 1/68 [ice dragon (7)]
 40799 | D:14     | Reached skill level 13 in Dodging
 41173 | D:14     | Reached skill level 10 in Short Blades
 41174 | D:14     | Identified a +0 long sword
 41174 | D:14     | Identified a +0 chain mail
 41420 | D:14     | Identified a +0 war axe
 41420 | D:14     | Identified a +0 plate armour
 41501 | D:14     | Identified a +3 bardiche of venom
 41501 | D:14     | Identified a +0 plate armour
 41659 | D:14     | Found a gate to the Vaults.
 42018 | D:13     | Got a fine short sword
 42019 | D:13     | Identified the +8 short sword of Foolhardiness {vorpal,
                  | *Corrode Str+10} (You found it on level 13 of the Dungeon)
 42037 | D:15     | Entered Level 15 of the Dungeon
 42041 | D:15     | Identified a +0 longbow
 42046 | D:15     | Reached skill level 14 in Stealth
 42246 | D:15     | Found a radiant altar of Vehumet.
 42301 | D:15     | Identified a potion of stabbing
 42302 | D:15     | Identified a scroll of silence
 42303 | D:15     | Identified 2 scrolls of amnesia
 42304 | D:15     | Identified 3 scrolls of enchant weapon
 42327 | D:15     | Identified a +0 battleaxe
 42327 | D:15     | Identified a +0 chain mail
 42432 | D:14     | Learned a level 6 spell: Simulacrum
 42498 | D:14     | HP: 1/70 [phantasmal warrior[a death knight] (31)]
 42499 | D:14     | Slain by a wraith

Table legend:
 A = Turns spent in this place as a percentage of turns spent in the entire game.
 B = Non-inter-level travel turns spent in this place as a percentage of non-inter-level travel turns spent in the entire game.
 C = Inter-level travel turns spent in this place as a percentage of turns spent in this place.
 D = Turns resting spent in this place as a percentage of non-inter-level travel turns spent in this place.
 E = Turns spent auto-exploring this place as a percentage of non-inter-level travel turns spent in this place.
 F = Non-inter-level travel turns spent in this place divided by the number of levels of this place that you've seen.
                   A       B       C       D       E      F
               +-------+-------+-------+-------+-------+----------------------
         Total | 100.0 | 100.0 |   4.5 |  27.1 |  41.8 | 1623.3
       Dungeon |  60.1 |  59.9 |   4.7 |  27.8 |  42.2 | 1621.8
          Lair |  27.8 |  27.8 |   4.4 |  23.6 |  47.3 | 1880.5
  Orcish Mines |   7.8 |   7.7 |   5.8 |  37.1 |  30.8 | 1560.0
         Sewer |   2.2 |   2.3 |   0.0 |  26.9 |  16.9 | 937.0
      Ice Cave |   2.2 |   2.3 |   0.0 |  18.6 |  26.6 | 916.0
               +-------+-------+-------+-------+-------+----------------------

Table legend:
 A = Kills in this place as a percentage of kills in entire the game.
 B = Kills by you in this place as a percentage of kills by you in the entire game.
 C = Kills by friends in this place as a percentage of kills by friends in the entire game.
 D = Other kills in this place as a percentage of other kills in the entire game.
 E = Experience gained in this place as a percentage of experience gained in the entire game.
 F = Experience gained in this place divided by the number of levels of this place that you have seen.
                   A       B       C       D       E      F
               +-------+-------+-------+-------+-------+----------------------
         Total | 100.0 | 100.0 | 100.0 | 100.0 | 100.0 | 5653.6
       Dungeon |  46.8 |  48.7 |  11.4 |  50.0 |  37.8 | 3559.0
          Lair |  29.8 |  27.3 |  79.5 |  16.7 |  45.4 | 10698.2
  Orcish Mines |  13.2 |  14.0 |   0.0 |   0.0 |   9.3 | 6564.5
         Sewer |   5.9 |   6.2 |   0.0 |   0.0 |   0.2 | 325.0
      Ice Cave |   4.3 |   3.9 |   9.1 |  33.3 |   7.3 | 10312.0
               +-------+-------+-------+-------+-------+----------------------

Skill      XL: |  1  2  3  4  5  6  7  8  9 10 11 12 13 14 15 |
---------------+----------------------------------------------+-----
Spellcasting   | 3 4 5 6 7 8 10 11 12 13 | 13.6
Earth Magic    | 3 4 5 6 7 9 10 11 12 | 12.2
Dodging        | 4 5 6 7 8 9 10 11 12 13 | 13.2
Short Blades   | 1 2 3 4 5 6 7 8 9 10 | 10.1
Stealth        | 4 5 6 8 9 10 11 12 13 14 | 14.0
Shields        | 1 2 3 4 |  4.5
Invocations    | 2 3 4 5 6 7 8 |  8.3
Necromancy     | 1 3 5 7 8 9 10 | 10.4
Fighting       | 1 3 |  3.9
Evocations     | 2 5 6 |  6.6
Transmutations | |  1.3

Action                   |  1- 3 |  4- 6 |  7- 9 | 10-12 | 13-15 || total
-------------------------+-------+-------+-------+-------+-------++-------
Melee: Short sword       |    66 |   101 |   263 |     3 |   141 ||   574
       Unarmed           |     4 |       |       |       |       ||     4
       Rapier            |       |       |   412 |    57 |       ||   469
       Dagger            |       |       |       |   747 |  1426 ||  2173
Throw: Stone             |     2 |       |     1 |       |       ||     3
       Dart              |    11 |    56 |   123 |    12 |       ||   202
 Cast: Sandblast         |    27 |    37 |    41 |    44 |   214 ||   363
       Stone Arrow       |       |     7 |    61 |    35 |    57 ||   160
       Petrify           |       |       |     3 |    29 |    16 ||    48
       Lee's Rapid Decon |       |       |     2 |    23 |    83 ||   108
       Passwall          |       |       |     1 |       |     1 ||     2
       Pain              |       |       |       |     6 |     6 ||    12
       Animate Dead      |       |       |       |    11 |    44 ||    55
       Agony             |       |       |       |       |     5 ||     5
Invok: Shadow Form       |       |       |       |       |     1 ||     1
       Shadow Step       |       |       |       |       |     1 ||     1
 Abil: Evoke Invisibilit |       |       |       |       |     6 ||     6
Evoke: Wand              |       |       |       |     5 |    12 ||    17
  Use: Scroll            |     1 |     2 |     5 |    17 |    18 ||    43
       Potion            |       |       |       |       |     3 ||     3
 Stab: Sleeping          |     4 |     5 |    18 |    65 |    85 ||   177
       Petrified         |       |       |     4 |    14 |    13 ||    31
       Distracted        |       |       |     1 |     4 |    23 ||    28
       Invisible         |       |       |       |       |     7 ||     7
       Paralysed         |       |       |       |       |     1 ||     1
  Eat: Ration            |       |     1 |     5 |    10 |    16 ||    32
Armor: Robe              |     5 |     3 |    24 |       |    11 ||    43
       Steam dragon scal |       |       |       |    34 |    24 ||    58
Dodge: Dodged            |    77 |    81 |   480 |   590 |  1142 ||  2370
Block: Other             |       |    23 |    16 |       |       ||    39
       Reflection        |       |     1 |     1 |       |    14 ||    16
       Buckler           |       |       |   292 |   314 |   637 ||  1243

Vanquished Creatures
  A frost giant (IceCv)
  2 entropy weavers (Lair:6)
  Erolcha (Orc:1)
  Josephine (Orc:1)
  3 vault guards (D:14)
  An ice dragon (Lair:6)
  7 hydras
  A centaur warrior (D:15)
  A catoblepas (Lair:4)
  A death knight (D:14)
  2 two-headed ogres (D:9)
  4 death yaks
  Urug (D:11)
  A tengu warrior (D:14)
  2 skeletal warriors (D:12)
  A lindwurm (Lair:6)
  Pikel (D:7)
  A wolf spider zombie (D:15)
  4 cyclopes
  3 manticores
  10 orc sorcerers
  An orc knight (Orc:2)
  A wolf spider (Lair:6)
  9 ugly things
  A deep elf mage (D:12)
  An ice statue (IceCv)
  Maurice (D:10)
  4 torpor snails (Lair:6)
  10 black mambas
  Maggie (D:7)
  4 centaur skeletons
  14 spiny frogs
  Joseph (D:8)
  3 komodo dragons
  A gargoyle (D:12)
  The ghost of greedy the Sneak, a novice DsWn of Dithmenos (D:5)
  7 rime drakes
  An efreet (D:11)
  2 freezing wraiths
  2 tyrant leeches (Lair:6)
  The ghost of CannibalFerox the Bolt Thrower, an amateur MiHu (D:4)
  6 trolls
  15 polar bears
  11 hornets
  12 blink frogs
  3 slime creatures (D:12)
  23 hippogriffs
  4 dream sheep (Lair:5)
  2 redbacks
  22 wyverns
  Sigmund (D:6)
  A centaur simulacrum (D:14)
  4 wraiths
  3 vampires (D:12)
  A spriggan (D:7)
  59 yaks
  A yak (shapeshifter) (D:13)
  7 basilisks
  5 hungry ghosts
  2 vampire mosquitoes (D:13)
  5 wargs (Orc:2)
  2 swamp worms (Lair:3)
  9 soldier ants (Lair:6)
  2 acid dragons (D:14)
  A hell hound (Lair:6)
  27 water moccasins
  Duvessa (D:7)
  2 black bears (D:11)
  9 porcupines
  7 sky beasts
  An eye of draining (shapeshifter) (D:14)
  9 ice beasts
  18 orc warriors
  2 necrophages
  5 phantoms
  3 eyes of draining
  13 ogres
  9 centaurs
  16 wolves
  9 crocodiles
  3 big kobolds
  14 bullfrogs
  2 gnoll sergeants (D:12)
  Dowan (D:7)
  3 scorpions
  18 killer bees
  8 wights
  3 electric eels
  6 howler monkeys
  4 crimson imps
  A bullfrog zombie (D:5)
  6 jellies
  19 orc priests
  2 bullfrog skeletons
  10 hounds
  A gnoll shaman (D:4)
  6 iguanas
  39 orc wizards
  23 worker ants
  4 hound skeletons
  2 worker ant zombies
  9 gnolls
  26 adders
  A howler monkey skeleton (D:6)
  2 shadow imps
  3 white imps (D:14)
  18 oozes
  3 adder zombies
  3 worms
  2 dart slugs (D:1)
  9 leopard geckos
  67 orcs
  19 giant cockroaches
  4 hobgoblins
  14 jackals
  6 quokkas
  12 ball pythons
  4 bats
  10 frilled lizards
  4 goblins
  11 kobolds
  A quokka skeleton (D:7)
  A quokka zombie (D:8)
  2 rats
853 creatures vanquished.

Vanquished Creatures (collateral kills)
  A hydra (Lair:6)
  A queen ant (Lair:6)
  A black mamba (Lair:6)
  A guardian serpent (Lair:6)
  A torpor snail (Lair:6)
  4 spiny frogs
  A rime drake (Lair:6)
  A polar bear (IceCv)
  A troll (D:12)
  A hornet (Lair:6)
  5 hippogriffs
  4 blink frogs (Lair:6)
  2 yaks
  5 wyverns
  A basilisk (Lair:4)
  3 soldier ants (Lair:6)
  2 wolves (IceCv)
  An ogre (D:12)
  2 crocodiles
  2 big kobolds (D:12)
  3 worker ants (Lair:6)
  A gnoll (D:12)
  An orc (Orc:2)
  3 plants (Lair:6)
48 creatures vanquished.

Vanquished Creatures (others)
  A rime drake (D:14)
  2 polar bears (IceCv)
  A tyrant leech (Lair:6)
  A yak (IceCv)
  A slave (D:7)
  A wolf (D:7)
  A jelly (D:7)
  An orc priest (Orc:2)
  An orc (Orc:2)
  A quokka (D:11)
  A bush (Lair:6)
  32 fungi
  55 plants
99 creatures vanquished.

Grand Total: 1000 creatures vanquished
